 Dungeon Crawl Stone Soup version 0.30.1-4-g462c640d31 (webtiles) character file.

Game seed: 17621211893252717896

12488 Babbit the Cleaver (level 11, -10/99 HPs)
             Began as a Minotaur Fighter on Aug 21, 2023.
             Was an Elder of Okawaru.
             Mangled by a cane toad (17 damage)
             ... on level 1 of the Lair of Beasts.
             The game lasted 00:47:27 (10320 turns).

Babbit the Cleaver (Minotaur Fighter)              Turns: 10320, Time: 00:47:27

Health: -10/99     AC: 20    Str: 31    XL:     11   Next: 63%
Magic:  10/10      EV: 10    Int:  5    God:    Okawaru [****..]
Gold:   372        SH:  5    Dex: 10    Spells: 10/10 levels left

rFire   . . .        a - +0 war axe
rCold   . . .        c - +0 buckler
rNeg    . . .        U - +0 plate armour
rPois   .            g - +0 hat
rElec   .            h - +1 cloak {Will+}
rCorr   .            x - +1 pair of gloves
SInv    .            r - +0 pair of boots
Will    +....        Q - amulet of regeneration Stlth
                     p - ring of flight
HPRegen 1.16/turn    R - +6 ring of strength
MPRegen 0.12/turn

%: no passive effects
@: lethally poisoned (-10 -> -19), marked, flying
A: horns 2, retaliatory headbutt
a: Renounce Religion, Heroism, Finesse


You were on level 1 of the Lair of Beasts.
You worshipped Okawaru.
Okawaru was greatly pleased with you.
You visited 3 branches of the dungeon, and saw 14 of its levels.

You collected 559 gold pieces.
You spent 187 gold pieces at shops.

Inventory:

Hand Weapons
 a - a +0 war axe (weapon)
 D - a +1 whip of flaming
Missiles
 T - 7 javelins (quivered)
Armour
 c - a +0 buckler (worn)
 g - a +0 hat (worn)
 h - a +1 cloak of willpower (worn)
 r - a +0 pair of boots (worn)
 x - a +1 pair of gloves (worn)
 U - a +0 plate armour (worn)
Jewellery
 b - a ring of magical power
 m - an amulet of faith
 p - a ring of flight (left hand)
 s - a ring of resist corrosion
 Q - an amulet of regeneration (around neck)
 R - a +6 ring of strength (right hand)
Wands
 F - a wand of flame (37)
 H - a wand of digging (8)
 J - a wand of acid (19)
 M - a wand of polymorph (12)
 N - a wand of mindburst (6)
Scrolls
 e - 6 scrolls of poison
 f - a scroll of identify
 i - 2 scrolls of fear {unknown}
 n - 2 scrolls of blinking
 q - 8 scrolls of teleportation
 t - a scroll of magic mapping {unknown}
 y - 3 scrolls of amnesia
 A - 2 scrolls of enchant weapon {unknown}
 G - a scroll of acquirement {unknown}
 K - 2 scrolls of fog {unknown}
 L - 2 scrolls of silence {unknown}
 O - 2 scrolls of enchant armour
Potions
 d - 4 potions of might
 j - 6 potions of curing
 k - 3 potions of ambrosia
 l - 4 potions of heal wounds
 o - a potion of berserk rage {unknown}
 u - 2 potions of resistance
 v - 3 potions of flight
 B - 3 potions of haste
 C - 2 potions of brilliance {unknown}
 I - 2 potions of lignification {unknown}


   Skills:
 + Level 10.1 Fighting
 + Level 14.2 Axes
 + Level 4.5 Throwing
 + Level 10.0 Armour
 + Level 6.4 Dodging
 + Level 1.5 Stealth
 + Level 7.2 Shields
 + Level 0.4 Invocations


You had 10 spell levels left.
You didn't know any spells.
Your spell library contained the following spells:

 Spells                   Type           Power      Damage    Failure   Level
 Blink                    Tloc           0%         N/A       99%         2
 Sublimation of Blood     Necr           0%         N/A       99%         2
 Wereblood                Tmut           0%         N/A       99%         2
 Frozen Ramparts          Ice            0%         1d1       100%        3
 Ozocubu's Armour         Ice            0%         N/A       100%        3
 Ice Form                 Ice/Tmut       0%         N/A       100%        4
 Manifold Assault         Tloc           0%         N/A       100%        4
 Metabolic Englaciation   Hex/Ice        0%         N/A       100%        5
 Storm Form               Tmut/Air       0%         N/A       100%        7
 Summon Ice Beast         Ice/Summ       Unusable   N/A       N/A         4
 Simulacrum               Ice/Necr       Unusable   N/A       N/A         6
 Summon Hydra             Summ           Unusable   N/A       N/A         7

Dungeon Overview and Level Annotations

Branches:
Dungeon (12/15)            Temple (1/1) D:5            Lair (1/5) D:10
    Orc (0/2) D:11

Altars:
Ashenzari
Cheibriados
Dithmenos
Elyvilon
Fedhas
Gozag
Hepliaklqana
Kikubaaqudgha
Makhleb
Nemelex Xobeh
Okawaru
Qazlal
Ru
Sif Muna
Trog
Uskayaw
Vehumet
Wu Jian
Xom
Yredelemnul
Zin
The Shining One

Shops:
D:7 [   D:8 :   D:11 [

Annotations:
D:9 3 runed translucent doors, lxXxl's ghost, journeyman MiFi


Innate Abilities, Weirdness & Mutations

You have a pair of horns on your head.
You reflexively headbutt those who attack you in melee.


Message History

You closely miss the blink frog.
The blink frog is moderately wounded.
The blink frog hits you!
* * * LOW HITPOINT WARNING * * *
An elephant comes into view.
You block the blink frog's attack.
You closely miss the blink frog. You headbutt the blink frog!
The blink frog is severely wounded.
You miss the water moccasin. You hit the cane toad but do no damage.
The water moccasin bites you but does no damage.
The cane toad closely misses you.
A komodo dragon comes into view.
The blink frog blinks!
You block the blink frog's attack.
You hit the blink frog.
The blink frog is almost dead.
You miss the water moccasin. You hit the cane toad.
The water moccasin bites you but does no damage.
The cane toad stings you but does no damage.
You block the blink frog's attack.
You closely miss the blink frog. Your headbutt misses the blink frog.
The blink frog is almost dead.
You closely miss the cane toad. You barely miss the water moccasin.
The water moccasin bites you.
* * * LOW HITPOINT WARNING * * *
A bullfrog comes into view.
The cane toad stings you.
* * * LOW HITPOINT WARNING * * *
You are lethally poisoned!
The cane toad poisons you! The blink frog closely misses you.
The water moccasin bites you but does no damage.
You hit the blink frog.
You kill the blink frog!
Okawaru accepts your kill.
You hit the cane toad. You hit the elephant.
You closely miss the water moccasin.
* * * LOW HITPOINT WARNING * * *
You feel very sick.
A water moccasin comes into view.
The cane toad stings you!
You die...

###P############.
.......<.........
+###...#.........
........#..Y.....
........#..F.....
........#Yl######
........#†Y#
#####PP##@##
...(...SF##
...###...F.#
#?...#....## #
.........####P##.
.###.+#F...S.......
...................
..................#
#.......####.#..#


You could see 3 elephants, a komodo dragon, a cane toad, 2 blink frogs, 2 water
moccasins and a bullfrog.

Vanquished Creatures
  An ogre mage (D:11)
  4 two-headed ogres
  2 boulder beetles
  A cyclops (D:11)
  Maurice (D:11)
  2 kobold demonologists (D:10)
  A cane toad (Lair:1)
  2 trolls
  The ghost of rvierbuc the Conjurer, an amateur DgCj (D:5)
  2 blink frogs (Lair:1)
  4 yaks (D:11)
  2 wraiths
  2 wyverns
  A steam dragon (D:8)
  3 acid dragons
  2 water moccasins
  Duvessa (D:4)
  8 orc warriors
  2 ice beasts (D:6)
  A sky beast (D:7)
  4 ogres
  The ghost of safid the Chiller, an amateur MfIE (D:3)
  6 centaurs
  A phantom (D:7)
  A bullfrog (D:9)
  4 kobold brigands
  A gnoll sergeant (D:11)
  3 wights (D:8)
  Dowan (D:4)
  13 killer bees
  A howler monkey (D:11)
  2 hounds (D:4)
  4 orc priests
  Crazy Yiuf (D:6)
  4 jellies
  Jessica (D:2)
  4 iguanas
  10 orc wizards
  6 gnolls
  5 adders
  A shadow imp (D:8)
  A white imp (D:6)
  An ufetubus (D:5)
  A worm (D:2)
  7 dart slugs
  41 orcs
  5 ball pythons
  10 endoplasms
  A giant cockroach (D:1)
  3 goblins
  5 hobgoblins
  3 jackals (D:1)
  18 kobolds
  4 quokkas
  2 bats
  A frilled lizard (D:1)
  6 rats
226 creatures vanquished.

Notes
Turn   | Place    | Note
-------+----------+-------------------------------------------
     0 | D:1      | Babbit the Minotaur Fighter began the quest for the Orb.
     0 | D:1      | Reached XP level 1. HP: 19/19 MP: 0/0
    32 | D:1      | Reached XP level 2. HP: 20/27 MP: 1/1
   370 | D:1      | Found Gilefe's Antique Armour Emporium.
   438 | D:1      | Reached XP level 3. HP: 19/33 MP: 2/2
   652 | D:1      | Reached skill level 3 in Axes
  1383 | D:2      | Noticed Jessica
  1397 | D:2      | Killed Jessica
  1398 | D:2      | Reached XP level 4. HP: 41/41 MP: 3/3
  1465 | D:2      | Identified the +2 robe of Tenacity {Regen+}
  1905 | D:3      | Found a runed translucent gate.
  1905 | D:3      | Found a runed translucent gate.
  1905 | D:3      | Identified the +6 sling of Blood-Lust {freeze, Int+3 Dex+4}
  1906 | D:3      | Noticed safid's ghost (amateur MfIE)
  1907 | D:3      | Found a runed translucent gate.
  2546 | D:3      | Reached skill level 4 in Axes
  2555 | D:3      | Killed safid's ghost
  2556 | D:3      | Reached skill level 1 in Dodging
  2556 | D:3      | Reached XP level 5. HP: 15/47 MP: 4/4
  3024 | D:4      | Noticed an ogre
  3030 | D:4      | Killed an ogre
  3031 | D:4      | Reached skill level 5 in Axes
  3031 | D:4      | Reached skill level 5 in Armour
  3031 | D:4      | Reached XP level 6. HP: 22/55 MP: 5/5
  3737 | D:5      | Entered Level 5 of the Dungeon
  3740 | D:5      | Noticed Duvessa
  3740 | D:5      | Noticed Dowan
  3752 | D:4      | Reached skill level 5 in Fighting
  3752 | D:4      | Reached skill level 1 in Throwing
  3771 | D:4      | Killed Duvessa
  3772 | D:4      | Reached XP level 7. HP: 17/61 MP: 6/6
  3781 | D:4      | Killed Dowan
  3782 | D:4      | Reached skill level 6 in Axes
  3993 | D:5      | Found a staircase to the Ecumenical Temple.
  4007 | Temple   | Entered the Ecumenical Temple
  4494 | D:5      | Found a runed translucent gate.
  4494 | D:5      | Found a runed translucent gate.
  4495 | D:5      | Found a runed translucent gate.
  4497 | D:5      | Noticed rvierbuc's ghost (amateur DgCj)
  4512 | D:5      | Killed rvierbuc's ghost
  4585 | D:5      | Reached XP level 8. HP: 70/70 MP: 7/7
  4733 | D:6      | Reached skill level 7 in Axes
  5024 | D:6      | Found an ornate altar of the Wu Jian Council.
  5081 | D:6      | Found a runed translucent door.
  5082 | D:6      | Noticed Crazy Yiuf
  5087 | D:6      | Killed Crazy Yiuf
  5163 | D:6      | Reached skill level 5 in Shields
  5176 | D:6      | Reached skill level 8 in Axes
  5317 | D:6      | Found an opulent altar of Gozag.
  5432 | D:6      | Identified the +1 robe "Juoc" {rPois Str+8 Int-5}
  5985 | D:7      | Reached XP level 9. HP: 78/78 MP: 8/8
  6066 | D:7      | Found Pogg's Antique Armour Emporium.
  6069 | D:7      | Bought a glowing cloak for 187 gold pieces
  6146 | D:7      | Reached skill level 9 in Axes
  6240 | D:7      | Reached skill level 5 in Dodging
  6771 | D:8      | Found a burning altar of Makhleb.
  6813 | D:8      | Reached skill level 10 in Axes
  6826 | D:8      | Found Hoemyk's Book Boutique.
  7508 | D:9      | Reached skill level 1 in Stealth
  7509 | D:9      | Noticed a two-headed ogre
  7517 | D:9      | Killed a two-headed ogre
  7518 | D:9      | Reached skill level 11 in Axes
  7518 | D:9      | Reached XP level 10. HP: 73/88 MP: 9/9
  7681 | D:9      | Noticed lxXxl's ghost (journeyman MiFi)
  7682 | D:9      | Found a runed translucent gate.
  7683 | D:9      | Found a runed translucent gate.
  7683 | D:9      | Noticed a manticore
  7683 | D:9      | Noticed a tengu warrior
  7714 | D:9      | Found a runed translucent gate.
  8062 | D:9      | Noticed a jorogumo
  8122 | D:9      | a jorogumo changed into an anaconda
  8122 | D:9      | Noticed an anaconda (shapeshifter)
  8134 | D:9      | Noticed a broodmother
  8176 | D:10     | Entered Level 10 of the Dungeon
  8215 | D:10     | Noticed a two-headed ogre
  8219 | D:10     | Killed a two-headed ogre
  8314 | D:10     | Reached skill level 12 in Axes
  8443 | D:10     | Found an iron altar of Okawaru.
  8445 | D:10     | Found a snail-covered altar of Cheibriados.
  8449 | D:10     | Found a shimmering blue altar of Sif Muna.
  8453 | D:10     | Became a worshipper of Warmaster Okawaru
  8585 | D:10     | Found a glowing silver altar of Zin.
  8657 | D:10     | Found a staircase to the Lair.
  8802 | D:11     | Noticed a two-headed ogre
  8803 | D:11     | Noticed an ogre mage
  8806 | D:11     | Noticed a two-headed ogre
  8810 | D:11     | Killed a two-headed ogre
  8811 | D:11     | Reached * piety under Okawaru
  8827 | D:10     | Killed a two-headed ogre
  8908 | D:11     | Killed an ogre mage
  8908 | D:11     | Reached ** piety under Okawaru
  8909 | D:11     | Reached skill level 13 in Axes
  8909 | D:11     | Reached XP level 11. HP: 86/97 MP: 10/10
  8963 | D:11     | Found Mudeopp's Armour Emporium.
  8992 | D:11     | Found a staircase to the Orcish Mines.
  9008 | D:11     | Reached *** piety under Okawaru
  9123 | D:10     | Noticed a soul eater
  9196 | D:11     | Noticed an ogre mage
  9198 | D:11     | Noticed a centaur warrior
  9234 | D:11     | Noticed a boulder beetle
  9269 | D:11     | Killed a boulder beetle
  9310 | D:11     | Noticed Maurice
  9352 | D:11     | Killed Maurice
  9453 | D:11     | a salamander changed into a harpy
  9453 | D:11     | Noticed a harpy (shapeshifter)
  9483 | D:11     | Found the +10 Black Knight's barding {ponderous, rPois rN+}
  9963 | D:11     | Noticed a glowing orange brain
 10074 | D:12     | Reached skill level 10 in Fighting
 10084 | D:12     | Noticed a boulder beetle
 10121 | D:12     | Killed a boulder beetle
 10122 | D:12     | Reached skill level 14 in Axes
 10272 | Lair:1   | Entered Level 1 of the Lair of Beasts
 10304 | Lair:1   | Reached **** piety under Okawaru
 10305 | Lair:1   | Reached skill level 10 in Armour
 10320 | Lair:1   | Mangled by a cane toad

Illustrated notes

Levels and vault maps discovered:
D:1:      minmay_arrival_wavy_path, layout_basic, serial_shops,
          nicolae_lakefront_shop, st_stairs_13, hangedman_decor_clover_reticule
D:2:      layout_loops_ring, minmay_misc_feat_room, grunt_decor_fettered,
          uniq_jessica
D:3:      layout_basic, biasface_ghost_orc_armoury
D:4:      layout_basic
D:5:      layout_rooms, minmay_temple_entry_gardened_gates,
          ebering_ghost_rock_garden, uniq_duvessa
D:6:      layout_basic, nicolae_wu_jian_wuxing_cycle, general_overflow_altar,
          uniq_crazy_yiuf_cottage
D:7:      layout_rooms, serial_shops, nicolae_shop_real_fake_doors
D:8:      layout_layer_cave, mainiacjoe_overflow_boulevard, serial_shops, shop,
          chequers_arboretum
D:9:      layout_rooms, gammafunk_ghost_split
D:10:     layout_roguey, grunt_temple_overflow_open, kennysheep_mini,
          lair_entry_dummy, nicolae_wwwww
D:11:     layout_cave_pools, orc_david_3, onia_ninara_dug_in_and_dangerous,
          uniq_maurice
D:12:     layout_roguey, serial_shops, nicolae_shop_hallway_stairs,
          nicolae_water_bricks, grunt_ministairs_1, bloody_trog
Temple:   bh_familiar_temple
Lair:1:   layout_chaotic_city, grunt_megastairs_1

Skill      XL: |  1  2  3  4  5  6  7  8  9 10 11 |
---------------+----------------------------------+-----
Fighting       | 4 5 6 7 9 10 | 10.1
Armour         | 4 5 6 7 8 10 | 10.0
Shields        | 4 5 6 7 |  7.2
Axes           | 3 4 5 6 8 11 13 14 | 14.2
Dodging        | 1 2 3 4 5 6 |  6.4
Throwing       | 1 2 3 4 |  4.5
Stealth        | 1 |  1.5
Invocations    | |  0.4

Action                     |  1- 3 |  4- 6 |  7- 9 | 10-12 || total
---------------------------+-------+-------+-------+-------++-------
  Melee: War axe           |    69 |   111 |   236 |   229 ||   645
         Headbutt          |     7 |    10 |    27 |    57 ||   101
  Throw: Boomerang         |       |    15 |    23 |     1 ||    39
         Javelin           |       |       |       |    16 ||    16
 Invoke: Heroism           |       |       |       |     3 ||     3
    Use: Scroll            |     2 |     5 |     5 |     6 ||    18
         Potion            |       |     1 |       |     2 ||     3
 Armour: Scale mail        |    23 |    37 |       |       ||    60
         Ring mail         |       |    28 |   141 |    12 ||   181
         Plate armour      |       |       |       |   138 ||   138
  Dodge: Dodged            |    31 |    49 |   151 |   109 ||   340
  Block: Buckler           |    16 |    26 |    56 |    67 ||   165
